 Dungeon Crawl Stone Soup version 0.28-a0-1374-ga75cb3825e (webtiles) character file.

Game seed: 14343977621596873710

629666 gimp the Hoplite (level 27, -5/215 HPs)
             Began as a Formicid Wanderer on Dec 31, 2021.
             Was an Elder of Okawaru.
             Killed from afar by an orb of fire (12 damage)
             ... with a fireball
             ... on level 5 of the Realm of Zot.
             The game lasted 02:30:05 (70016 turns).

gimp the Hoplite (Formicid Wanderer)               Turns: 70016, Time: 02:30:06

Health: -5/215     AC: 49    Str: 27    XL:     27
Magic:  20/32      EV: 20    Int: 13    God:    Okawaru [****..]
Gold:   7166       SH: 33    Dex: 19    Spells: 27/28 levels left

rFire   + + .      SeeInvis +   a - +9 executioner's axe (freeze)
rCold   + + .      Faith    .   A - +7 tower shield of the Valley of Death {rN++ Regen+ rCorr Stlth-}
rNeg    + + +      Spirit   .   f - +11 gold dragon scales
rPois   +          Reflect  .   (helmet unavailable)
rElec   +          Harm     .   h - +0 cloak "Moiviroj" {rElec Will+}
rCorr   +          Rampage  ∞   o - +1 pair of gloves
Will    ++++.                   B - +3 pair of seven-league boots {Rampage+∞}
Stlth   ..........              G - macabre finger necklace {rN+}
HPRegen 1.25/turn               S - ring of protection from cold
MPRegen 0.23/turn               j - ring "Acut" {rF+ AC+4 Str+4 Int+4}
                                w - ring "Koeroipa" {Will+ rCorr Slay+3 SInv}

@: heroic, finesse-ful, studying 2 skills
A: permanent stasis, dig shafts and tunnels, antennae 3, four strong arms, fangs
1, dopey 1, mutation resistance 1, screaming 1, no potion heal 2, subdued magic
2
}: 4/15 runes: barnacled, slimy, silver, gossamer
a: Dig, Shaft Self, Renounce Religion, Heroism, Finesse


You were on level 5 of the Realm of Zot.
You worshipped Okawaru.
Okawaru was greatly pleased with you.
You visited 11 branches of the dungeon, and saw 54 of its levels.
You visited 2 bazaars.
You also visited: Bailey, Gauntlet and Ice Cave.

You collected 12782 gold pieces.
You spent 5616 gold pieces at shops.

Inventory:

Hand Weapons
 a - a +9 executioner's axe of freezing (weapon)
 b - a +1 arbalest of freezing
 O - the +9 broad axe of Dovu {antimagic, +Blink}
   (You found it on level 1 of the Vaults)

   It reduces the magical energy of the wielder, and disrupts the spells and
   magical abilities of those it strikes.
   Natural abilities and divine invocations are not affected.
   +Blink:    It lets you blink.
Missiles
 d - 825 bolts
 q - 202 poisoned darts
 r - 21 curare-tipped darts
 y - 17 throwing nets
Armour
 f - +11 gold dragon scales (worn)
 h - the +0 cloak "Moiviroj" (worn) {rElec Will+}
   (You bought it in a shop on level 3 of the Dungeon)

   rElec:     It insulates you from electricity.
   Will:      It increases your willpower.
 o - a +1 pair of gloves (worn)
 A - the +7 tower shield of the Valley of Death (worn) {rN++ Regen+ rCorr Stlth-}
   (Okawaru gifted it to you on level 4 of the Depths)

   rN:        It greatly protects you from negative energy.
   Regen:     It increases your rate of health regeneration.
   rCorr:     It protects you from acid and corrosion.
   Stlth:     It makes you less stealthy.
 B - the +3 pair of seven-league boots (worn) {Rampage+∞}
   (Okawaru gifted it to you on level 1 of the Lair of Beasts)

   Its wearer moves as far as possible in that direction when moving towards
   enemies.
Jewellery
 j - the ring "Acut" (right hand) {rF+ AC+4 Str+4 Int+4}
   (You found it on level 5 of the Dungeon)

   [ring of protection]

   AC:        It affects your AC (+4).
   Str:       It affects your strength (+4).
   Int:       It affects your intelligence (+4).
   rF:        It protects you from fire.
 w - the ring "Koeroipa" (on amulet) {Will+ rCorr Slay+3 SInv}
   (You found it on level 4 of the Realm of Zot)

   [ring of resist corrosion]

   Slay:      It affects your accuracy & damage with ranged weapons and melee
   (+3).
   SInv:      It lets you see invisible.
   rCorr:     It protects you from acid and corrosion.
   Will:      It increases your willpower.
 F - a ring of willpower
 G - the macabre finger necklace (around neck) {rN+}
   (You bought it in a shop in a bazaar)

   [amulet of nothing]

   It enables you to equip an extra ring.
   rN:        It protects you from negative energy.
 S - a ring of protection from cold (left hand)
Wands
 i - a wand of acid (52)
 k - a wand of flame (86)
 l - a wand of polymorph (41)
 m - a wand of iceblast (47)
 C - a wand of mindburst (13)
 M - a wand of digging (36)
 N - a wand of paralysis (11)
Scrolls
 n - 2 scrolls of silence
 E - 4 scrolls of brand weapon
 P - 5 scrolls of holy word
 R - 5 scrolls of fear
 V - 6 scrolls of enchant weapon
 Y - 5 scrolls of fog
Potions
 c - 7 potions of mutation
 e - 5 potions of brilliance
 p - 3 potions of flight
 t - 5 potions of cancellation
 u - 5 potions of resistance
 x - 9 potions of might
 z - 21 potions of curing
 D - 2 potions of invisibility
 H - 3 potions of ambrosia
 I - 15 potions of heal wounds
 Q - 2 potions of magic
Miscellaneous
 s - a lightning rod (4/4)
 L - a tin of tremorstones (2/2)
 X - a phial of floods


   Skills:
 * Level 17.4(22.4) Fighting
 - Level 24.0(27) Axes
 - Level 4.0(9.0) Staves
 - Level 20.0(25.0) Crossbows
 - Level 6.0(11.0) Throwing
 - Level 18.0(23.0) Armour
 * Level 22.2(27) Dodging
 - Level 25.0(27) Shields
 - Level 1.1 Spellcasting
 - Level 1.0 Translocations
 - Level 12.0 Invocations
 - Level 11.0 Evocations


You had 27 spell levels left.
You knew the following spells:

 Your Spells              Type           Power      Damage    Failure   Level
a - Apportation           Tloc           4%         N/A       80%         1

Your spell library contained the following spells:

 Spells                   Type           Power      Damage    Failure   Level
 Beastly Appendage        Tmut           0%         N/A       91%         1
 Foxfire                  Conj/Fire      0%         2x1d4     91%         1
 Magic Dart               Conj           0%         1d3       91%         1
 Pain                     Necr           0%         1d4       91%         1
 Shock                    Conj/Air       0%         1d3       91%         1
 Slow                     Hex            0%         N/A       91%         1
 Sting                    Tmut/Pois      0%         1d3       91%         1
 Corpse Rot               Necr/Air       0%         N/A       97%         2
 Ensorcelled Hibernation  Hex/Ice        0%         N/A       97%         2
 Poisonous Vapours        Pois/Air       0%         N/A       97%         2
 Searing Ray              Conj           0%         2d4       97%         2
 Static Discharge         Conj/Air       0%         N/A       97%         2
 Sublimation of Blood     Necr           0%         N/A       97%         2
 Wereblood                Tmut           0%         N/A       97%         2
 Gell's Gravitas          Tloc           2%         N/A       99%         3
 Lesser Beckoning         Tloc           2%         N/A       99%         3
 Portal Projectile        Hex/Tloc       2%         N/A       99%         3
 Teleport Other           Tloc           2%         N/A       99%         3
 Confusing Touch          Hex            0%         N/A       100%        3
 Conjure Flame            Conj/Fire      0%         6-21      100%        3
 Dazzling Flash           Conj/Hex       0%         N/A       100%        3
 Frozen Ramparts          Ice            0%         1d2       100%        3
 Ignite Poison            Fire/Tmut/Pois 0%         N/A       100%        3
 Ozocubu's Armour         Ice            0%         N/A       100%        3
 Spider Form              Tmut/Pois      0%         N/A       100%        3
 Stone Arrow              Conj/Erth      0%         3d7       100%        3
 Vampiric Draining        Necr           0%         2d6       100%        3
 Airstrike                Air            0%         N/A       100%        4
 Cause Fear               Hex            0%         N/A       100%        4
 Dispel Undead            Necr           0%         3d6       100%        4
 Fulminant Prism          Conj/Hex       0%         3d6       100%        4
 Hailstorm                Conj/Ice       0%         3d3       100%        4
 Ice Form                 Ice/Tmut       0%         N/A       100%        4
 Iskenderun's Mystic Bla  Conj/Tloc      1%         2d3       100%        4
 Leda's Liquefaction      Hex/Erth       0%         N/A       100%        4
 Olgreb's Toxic Radiance  Pois           0%         N/A       100%        4
 Passage of Golubria      Tloc           2%         N/A       100%        4
 Petrify                  Tmut/Erth      0%         N/A       100%        4
 Sticky Flame             Conj/Fire      0%         2d3       100%        4
 Agony                    Necr           0%         N/A       100%        5
 Blade Hands              Tmut           0%         N/A       100%        5
 Borgnjor's Vile Clutch   Necr/Erth      0%         N/A       100%        5
 Excruciating Wounds      Necr           0%         N/A       100%        5
 Freezing Cloud           Conj/Ice/Air   0%         6-21      100%        5
 Lee's Rapid Deconstruct  Erth           0%         3d5*      100%        5
 Lightning Bolt           Conj/Air       0%         1d11      100%        5
 Manifold Assault         Tloc           2%         N/A       100%        5
 Metabolic Englaciation   Hex/Ice        0%         N/A       100%        5
 Yara's Violent Unravell  Hex/Tmut       0%         3d3       100%        5
 Conjure Ball Lightning   Conj/Air       0%         3x3d6     100%        6
 Dispersal                Tloc           1%         N/A       100%        6
 Eringya's Noxious Bog    Tmut/Pois      0%         N/A       100%        6
 Iron Shot                Conj/Erth      0%         9d1       100%        6
 Starburst                Conj/Fire      0%         6d3       100%        6
 Statue Form              Tmut/Erth      0%         N/A       100%        6
 Dragon Form              Tmut           0%         N/A       100%        7
 Enfeeble                 Hex            0%         N/A       100%        7
 Orb of Destruction       Conj           0%         N/A       100%        7
 Storm Form               Tmut/Air       0%         N/A       100%        7
 Discord                  Hex            0%         N/A       100%        8
 Disjunction              Tloc           1%         N/A       100%        8
 Lehudib's Crystal Spear  Conj/Erth      0%         10d2      100%        8
 Maxwell's Capacitive Co  Air            0%         ∞         100%        8
 Chain Lightning          Conj/Air       0%         N/A       100%        9
 Animate Skeleton         Necr           Unusable   N/A       N/A         1
 Summon Small Mammal      Summ           Unusable   N/A       N/A         1
 Blink                    Tloc           Unusable   N/A       N/A         2
 Summon Guardian Golem    Hex/Summ       Unusable   N/A       N/A         3
 Swiftness                Air            Unusable   N/A       N/A         3
 Tukima's Dance           Hex            Unusable   N/A       N/A         3
 Animate Armour           Summ/Erth      Unusable   N/A       N/A         4
 Animate Dead             Necr           Unusable   N/A       N/A         4
 Summon Ice Beast         Ice/Summ       Unusable   N/A       N/A         4
 Summon Lightning Spire   Summ/Air       Unusable   N/A       N/A         4
 Death Channel            Necr           Unusable   N/A       N/A         6
 Simulacrum               Ice/Necr       Unusable   N/A       N/A         6
 Haunt                    Necr/Summ      Unusable   N/A       N/A         7
 Spellforged Servitor     Conj/Summ      Unusable   N/A       N/A         7
 Infestation              Necr           Unusable   N/A       N/A         8

Dungeon Overview and Level Annotations

Branches:
Dungeon (15/15)            Temple (1/1) D:4            Lair (6/6) D:9
 Shoals (4/4) Lair:4       Spider (4/4) Lair:2        Slime (5/5) Lair:6
    Orc (2/2) D:12            Elf (3/3) Orc:2        Vaults (5/5) D:13
  Crypt (0/3) Vaults:2     Depths (4/4) D:15            Zot (5/5) Depths:4
 Bailey (visited)           IceCv (visited)         Gauntlet (visited)

Altars:
Ashenzari
Cheibriados
Dithmenos
Elyvilon
Fedhas
Gozag
Hepliaklqana
Kikubaaqudgha
Makhleb
Nemelex Xobeh
Okawaru
Qazlal
Ru
Sif Muna
Trog
Uskayaw
Vehumet
Wu Jian
Xom
Yredelemnul
Zin
The Shining One
Lugonu

Shops:
D:3 [*   D:5 *   D:8 (   Orc:2 ([*(   Elf:2 [   Shoals:2 [(   Shoals:3 *
Vaults:2 :([   Depths:1 :   Depths:2 [[[=![

Portals:
Hell: Depths:1 Depths:2 Depths:3 Depths:4
Abyss: Depths:2 Depths:3
Pandemonium: Depths:2
Ziggurat: Depths:3
Trove: D:15 (give +4 demon blade)

Annotations:
Depths:1 exclusion: spriggan defender
Zot:3 2 transporters, exclusion: orange crystal statue, Etiafa's ghost, legendary TrWz; Ofiett's ghost, veteran TrCK


Innate Abilities, Weirdness & Mutations

You cannot be hasted, slowed, berserked, paralysed or teleported.
You can dig through walls and to a lower floor.
You have a pair of large antennae on your head. (SInv)
Your four strong arms can wield two-handed weapons with a shield.
You have very sharp teeth.
You are dopey. (Int -2)
You are somewhat resistant to further mutation.
You occasionally shout uncontrollably at your foes.
Potions cannot restore your health.
Your spells are easier to cast, but less powerful.


Message History

The fireball engulfs the orb of fire.
The orb of fire completely resists.
You take 38 damage, and have 40/215 hp.
You miss the orb of fire.
The orb of fire is almost destroyed.
You completely miss the orb of fire.
You hit the orb of fire but do no damage.
The Killer Klown blinks!
You hit the orb of fire but do no damage.
The orb of fire is almost destroyed.
You slice the orb of fire!! You freeze the orb of fire.
You slash the orb of fire! You freeze the orb of fire.
The orb of fire glows bright magenta.
The fireball explodes!
The fireball engulfs you!! You resist.
* * * LOW HITPOINT WARNING * * *
The fireball engulfs the orb of fire.
The orb of fire completely resists.
The fireball engulfs the orb of fire.
The orb of fire completely resists.
The fireball engulfs the orb of fire.
The orb of fire completely resists.
The orb of fire emits a lurid red light.
The bolt of fire hits you. You resist.
* * * LOW HITPOINT WARNING * * *
You take 35 damage, and have 6/215 hp.
Unknown command.
Okay, then.
Unknown command.
Unknown command.
Unknown command.
Unknown command.
You miss the orb of fire. Your bite misses the orb of fire.
The orb of fire is almost destroyed.
You slash the orb of fire! You freeze the orb of fire.
You hit the orb of fire but do no damage.
You closely miss the orb of fire. Your bite misses the orb of fire.
The orb of fire is almost destroyed.
You hit the orb of fire. You miss the orb of fire.
The orb of fire glows bright magenta.
Strange energies course through your body.
You feel odd for a moment.
The orb of fire glows red.
The fireball explodes!
The fireball engulfs you! You resist.
You die...

....§.q{{...### ###....
y9.....X##....## ##....##
..q.q.{{{###...###########..)###.
.D...{...{###..............)###..
....{.....# ##p............## #..
...*.....{# #.q...........# #..
^.........# ##§q........^## #.^
.*........# #***....^...# #..
.....^.{..# ##.@.........## #..
.......^.## #.............# ##.
........## ##...○.........#* ##
.......## #...☼...........# #
######## ▓▓########.######## .#
#...#^..##.......## # .##
#.###..........#..# # ..#
#.#^##....###..##.## # ..#
#....#......####...#


You could see 3 orbs of fire, a Killer Klown, a black draconian knight
(invisible) and a red draconian scorcher.

Vanquished Creatures
  the Royal Jelly (Slime:5)
  4 dread liches
  Tiamat (Zot:1)
  An ancient lich (Zot:5)
  6 orbs of fire
  Mara (Shoals:4)
  2 juggernauts (Depths:3)
  Sojobo (Depths:3)
  2 Killer Klowns (Zot:5)
  The ghost of Jatoec the Bludgeoner, a legendary GnFi of Cheibriados (Zot:2)
  Saint Roka (Depths:3)
  Frederick (Depths:3)
  13 golden dragons
  Nikola (Elf:2)
  A bone dragon (Depths:4)
  Arachne (Spider:3)
  5 electric golems
  7 liches
  18 tentacled monstrosities
  A walking earthen tome (Depths:4)
  13 Orb Guardians (Zot:5)
  5 titans
  Asterion (Vaults:3)
  2 deep elf blademasters
  2 walking divine tomes
  2 deep elf master archers (Elf:3)
  11 quicksilver dragons
  7 sphinxes
  Gastronok (Lair:1)
  18 acid blobs
  Kirke (D:14)
  16 storm dragons
  11 shadow dragons
  10 tengu reavers
  14 death cobs
  Roxanne (Shoals:1)
  Agnes (D:15)
  10 draconian monks
  13 ghost moths
  16 rockslimes
  8 azure jellies
  8 fire giants
  12 deep elf sorcerers
  7 draconian knights
  3 spectral caustic shrikes (Depths:1)
  3 cacodemons (Zot:1)
  An orc warlord (Vaults:1)
  8 frost giants
  5 emperor scorpions
  Aizul (Spider:4)
  A deep elf elementalist (Elf:3)
  13 vault wardens
  8 draconian scorchers
  7 quicksilver oozes
  5 draconian shifters
  5 draconian stormcallers
  3 war gargoyles
  20 ironbound preservers
  2 draconian annihilators
  16 very ugly things
  12 ironbound thunderhulks
  17 stone giants
  2 spriggan defenders (Depths:3)
  Nessos (D:15)
  A juggernaut skeleton (Depths:2)
  5 deep elf demonologists
  3 broodmothers
  4 vampire knights
  6 black draconians
  3 deep elf annihilators
  7 white draconians
  8 entropy weavers
  7 yellow draconians
  10 red draconians
  10 spark wasps
  12 dire elephants
  14 green draconians
  A minotaur (Gauntlet)
  A crystal guardian (Vaults:3)
  7 purple draconians
  The ghost of Xeass the Arsonist, a journeyman DrFE of Gozag (Lair:2)
  Snorg (Orc:1)
  9 deep elf death magi
  14 ettins
  11 merfolk impalers
  5 fire dragons
  Josephine (D:10)
  4 merfolk javelineers
  11 yaktaur captains
  16 great orbs of eyes
  3 rakshasas
  8 deep elf high priests
  3 jorogumos
  2 ghost crabs (Spider:2)
  13 hydras
  2 spriggan air magi (Depths:3)
  7 boulder beetles
  Fannar (Lair:3)
  45 vault guards
  12 ice dragons
  3 merfolk avatars (Shoals:4)
  A peacekeeper (Vaults:3)
  10 ironbound frosthearts
  4 ogre magi
  2 death knights
  12 centaur warriors
  A radroach (Spider:1)
  5 merfolk aquamancers (Shoals:4)
  A satyr (Shoals:4)
  5 two-headed ogres
  Erica (Orc:1)
  3 catoblepae
  31 dancing weapons
  5 tengu warriors
  2 spriggan berserkers
  13 deep troll shamans
  A vampire mage (Depths:1)
  8 deep troll earth magi
  2 alligator snapping turtles (Shoals:4)
  12 hell knights
  7 orc high priests
  Urug (Lair:1)
  Nergalle (Lair:1)
  20 deep elf knights
  10 pharaoh ants
  2 fire crabs (shapeshifter)
  A shadow wraith (Vaults:3)
  A spectral death yak (Lair:6)
  2 flayed ghosts
  8 iron trolls
  72 deep trolls
  3 large abominations (Elf:1)
  5 steelbarb worms
  8 sea snakes
  17 orb spiders
  13 deep elf archers
  An obsidian statue (Lair:6)
  A spectral anaconda (Lair:6)
  3 glowing orange brains
  16 wizards
  15 harpies
  2 phantasmal warriors
  2 lindwurms (Vaults:2)
  A wolf spider (shapeshifter) (Vaults:5)
  24 wolf spiders
  20 ironbound convokers
  29 deep elf zephyrmancers
  A harpy (shapeshifter) (D:14)
  6 orc sorcerers
  51 ugly things
  12 orc knights
  7 necromancers
  28 deep elf pyromancers
  17 manticores
  A salamander (shapeshifter) (Vaults:5)
  3 shining eyes
  6 fauns (Shoals:1)
  4 cyclopes
  2 manticores (shapeshifter) (Vaults:5)
  27 elephants
  A sphinx skeleton (Depths:2)
  38 moths of wrath
  22 vault sentinels
  5 black mambas
  10 merfolk sirens
  3 eyes of devastation
  6 gargoyles
  2 guardian serpents (Depths:2)
  7 cane toads
  2 ice statues (IceCv)
  2 naga magi (D:15)
  5 water nymphs
  5 demonic crawlers
  9 torpor snails
  3 rime drakes
  An efreet (D:13)
  Maggie (D:6)
  11 komodo dragons
  34 yaktaurs
  3 kobold demonologists (D:11)
  5 freezing wraiths
  10 tengu conjurers
  A queen bee (shapeshifter) (D:13)
  A troll (shapeshifter) (Vaults:5)
  6 tyrant leeches (Spider:2)
  7 polar bears
  8 hornets
  13 meliai
  4 trolls
  4 wind drakes
  A raiju (shapeshifter) (D:14)
  32 merfolk
  A shadow dragon simulacrum (Depths:2)
  8 snapping turtles
  3 spectral elephants (Lair:6)
  29 tarantellas
  31 blink frogs
  96 slime creatures
  A slime creature (shapeshifter) (Vaults:2)
  5 dream sheep
  An ettin zombie (Depths:2)
  28 jumping spiders
  3 air elementals
  A centaur simulacrum (D:15)
  Sigmund (D:3)
  21 water elementals
  3 wyverns
  5 wraiths
  2 dire elephant simulacra
  15 culicivoras
  3 vampires
  59 yaks
  9 golden eyes
  6 humans (D:14)
  3 steam dragons
  A basilisk (shapeshifter) (D:15)
  Grum (Bailey)
  2 fire elementals
  6 basilisks
  70 redbacks
  2 death yak simulacra
  2 spectral cane toads (Lair:6)
  13 vampire mosquitoes
  3 wargs
  14 water moccasins
  2 acid dragons
  2 swamp worms (Gauntlet)
  4 floating eyes
  33 orc warriors
  A black bear (shapeshifter) (D:15)
  A floating eye (shapeshifter) (Vaults:3)
  A sky beast (D:5)
  2 black bears
  9 ogres
  A boggart (D:13)
  19 centaurs
  The ghost of frimble the Slasher, an amateur DsWr (D:3)
  An elephant zombie (Lair:6)
  A necrophage (D:5)
  26 wolves
  4 elf zombies (Elf:1)
  Blork the orc (D:6)
  3 kobold brigands
  3 earth elementals
  5 bullfrogs
  7 gnoll sergeants (Bailey)
  A wyvern zombie (D:3)
  2 cane toad simulacra
  A water moccasin zombie (D:5)
  2 scorpions
  A water moccasin skeleton (D:5)
  6 killer bees
  22 wights
  6 electric eels
  2 howler monkeys (D:13)
  6 centaur zombies
  A bullfrog zombie (D:5)
  4 hounds
  2 jellies
  30 orc priests
  Crazy Yiuf (D:3)
  A bullfrog skeleton (D:5)
  6 gnoll shamans
  3 centaur skeletons
  2 iguanas
  12 orc wizards
  A scorpion zombie (D:5)
  Terence (D:3)
  A statue (D:3)
  A polar bear simulacrum (IceCv)
  A wolf simulacrum (IceCv)
  2 howler monkey zombies
  Robin (D:4)
  27 gnolls
  9 adders
  2 shadow imps (D:7)
  A white imp (D:6)
  2 worms
  4 dart slugs
  70 orcs
  4 ball pythons
  9 endoplasms
  A giant cockroach (D:2)
  27 goblins
  5 hobgoblins
  16 kobolds
  4 quokkas
  3 bats
  4 frilled lizards
  8 rats
2384 creatures vanquished.

Vanquished Creatures (others)
  A stone giant (Depths:4)
  An ice dragon (Depths:1)
  A vault guard (Vaults:5)
  An ogre mage (Vaults:5)
  A deep elf knight (Elf:2)
  2 wizards
  A deep elf zephyrmancer (Elf:3)
  An ugly thing (IceCv)
  A tyrant leech (Spider:2)
  A blink frog (Lair:6)
  A redback (Spider:4)
  A warg (Elf:2)
  An electric eel (Spider:2)
  27 fungi
  123 plants
  31 withered plants
195 creatures vanquished.

Grand Total: 2579 creatures vanquished

Notes
Turn   | Place    | Note
-------+----------+-------------------------------------------
     0 | D:1      | gimp the Formicid Wanderer began the quest for the Orb.
     0 | D:1      | gimp set off with the following items: a +2 quarterstaff, a
                  | +0 buckler, a +0 leather armour; and the following spell
                  | memorised: Apportation; and the following spells available
                  | to memorise: Gell's Gravitas
     0 | D:1      | Reached XP level 1. HP: 16/16 MP: 2/2
   267 | D:1      | Reached XP level 2. HP: 15/23 MP: 3/3
   787 | D:1      | Reached skill level 2 in Shields
  1129 | D:1      | Reached XP level 3. HP: 20/29 MP: 4/4
  1604 | D:2      | Reached XP level 4. HP: 23/37 MP: 5/5
  2011 | D:1      | Reached skill level 3 in Shields
  2069 | D:2      | Reached XP level 5. HP: 43/43 MP: 6/6
  2384 | D:3      | Noticed Sigmund
  2530 | D:3      | Found Cizof's Antique Armour Emporium.
  2537 | D:3      | Found a faded altar of an unknown god.
  2586 | D:3      | Noticed Terence
  2616 | D:3      | Killed Terence
  2700 | D:3      | Found a transporter.
  2703 | D:3      | Noticed frimble's ghost (amateur DsWr)
  2705 | D:3      | Noticed an ogre
  2707 | D:3      | Noticed an ogre
  2727 | D:3      | Reached skill level 5 in Fighting
  2772 | D:4      | Noticed an ogre
  2790 | D:3      | Found a runed translucent door.
  2790 | D:3      | Noticed Crazy Yiuf
  2836 | D:3      | Reached XP level 6. HP: 7/34 MP: 7/7
  2986 | D:5      | Entered Level 5 of the Dungeon
  3245 | D:5      | Noticed a sky beast
  3255 | D:5      | Killed a sky beast
  3256 | D:5      | Reached skill level 4 in Shields
  3428 | D:5      | Reached XP level 7. HP: 37/57 MP: 8/8
  3431 | D:5      | Reached skill level 1 in Armour
  3616 | D:5      | Found Zaisiaxu's Assorted Antiques.
  3660 | D:5      | Identified the ring "Acut" {rF+ AC+4 Str+4 Int+4}
  3988 | D:5      | Found a stormy altar of Qazlal.
  4017 | D:5      | Reached skill level 1 in Axes
  4267 | D:4      | Reached XP level 8. HP: 54/67 MP: 9/9
  4549 | D:4      | Noticed Robin
  4620 | D:4      | Killed Robin
  4904 | D:4      | Found a staircase to the Ecumenical Temple.
  4910 | Temple   | Entered the Ecumenical Temple
  4951 | Temple   | Became a worshipper of Warmaster Okawaru
  5447 | D:6      | Reached skill level 5 in Axes
  5599 | D:6      | Noticed Maggie
  5609 | D:6      | Killed Maggie
  5609 | D:6      | Reached * piety under Okawaru
  5610 | D:6      | Reached skill level 5 in Armour
  5610 | D:6      | Reached XP level 9. HP: 72/72 MP: 10/10
  5936 | D:3      | Killed Sigmund
  5997 | D:3      | Found a transporter.
  6034 | D:3      | Bought a twisted cloak for 218 gold pieces
  6034 | D:3      | Identified the +0 cloak "Moiviroj" {rElec Will+} (You
                  | bought it in a shop on level 3 of the Dungeon)
  6069 | D:3      | Found a radiant altar of Vehumet.
  6120 | D:3      | Found Boleidot's General Store.
  6449 | D:3      | Killed Crazy Yiuf
  6600 | D:6      | Found a sparkling altar of Nemelex Xobeh.
  6600 | D:6      | Found an opulent altar of Gozag.
  6600 | D:6      | Noticed Blork the orc
  6607 | D:6      | Killed Blork the orc
  6654 | D:6      | Reached ** piety under Okawaru
  6841 | D:7      | Found an ornate altar of the Wu Jian Council.
  6848 | D:7      | Noticed a spectral centipede
  7388 | D:7      | Found a broken altar of Ashenzari.
  7445 | D:7      | Found a burning altar of Makhleb.
  7498 | D:7      | Reached XP level 10. HP: 70/79 MP: 11/11
  7857 | D:8      | Reached *** piety under Okawaru
  8030 | D:8      | Found a shimmering altar of Xom.
  8849 | D:8      | Reached skill level 10 in Axes
  9005 | D:8      | Found Jiplaur Cot's Weapon Shop.
  9294 | D:9      | Reached **** piety under Okawaru
  9333 | D:9      | Found a flagged portal.
  9379 | Bailey   | Entered a bailey
  9881 | Bailey   | Reached XP level 11. HP: 60/84 MP: 12/12
  9893 | Bailey   | Identified the +1 shortbow "Bydug" {flame, Str+4}
 10217 | Bailey   | Noticed Grum
 10257 | Bailey   | Killed Grum
 10562 | Bailey   | Identified the +1 scale mail of Xikyj {rN++ Str-5 Int+8}
 10808 | D:3      | Bought a faintly humming tower shield for 218 gold pieces
 10808 | D:3      | Identified the +8 tower shield of Teoqeluf {Will+} (You
                  | bought it in a shop on level 3 of the Dungeon)
 11021 | D:3      | Killed frimble's ghost
 11526 | D:9      | Noticed Maurice
 11530 | D:9      | Noticed Maurice
 11530 | D:9      | Maurice changed into Maurice the water moccasin
 11536 | D:9      | Killed Maurice the water moccasin
 11537 | D:9      | Reached skill level 10 in Armour
 11537 | D:9      | Found a staircase to the Lair.
 11717 | D:9      | Reached ***** piety under Okawaru
 11946 | D:9      | Found an ancient bone altar of Kikubaaqudgha.
 12348 | D:10     | Entered Level 10 of the Dungeon
 12575 | D:10     | Noticed a wizard
 12575 | D:10     | Noticed a wizard
 12581 | D:10     | Noticed a deep elf zephyrmancer
 12586 | D:10     | Killed a wizard
 12591 | D:10     | Killed a wizard
 12609 | D:10     | Killed a deep elf zephyrmancer
 12609 | D:10     | Identified the +0 chain mail "Siddig" {Harm rF- Str+2
                  | Slay+3} (Okawaru gifted it to you on level 10 of the
                  | Dungeon)
 12609 | D:10     | Received a gift from Okawaru
 12612 | D:10     | Got the Papyrus of Axaxaxas mlö
 12713 | D:10     | Reached skill level 1 in Invocations
 12866 | D:10     | Noticed Josephine
 12880 | D:10     | Killed Josephine
 12881 | D:10     | Reached XP level 12. HP: 74/90 MP: 13/13
 13068 | D:10     | Found a shadowy altar of Dithmenos.
 13320 | D:10     | Found a bloodstained altar of Trog.
 13360 | D:10     | Found a hide-covered altar of Uskayaw.
 13417 | D:10     | Got the Almanac of Dhcmrlchtdj
 13424 | D:10     | Got Ts'ui Pên's Incunabulum of Forking Paths
 13557 | D:10     | Found a white marble altar of Elyvilon.
 13560 | D:10     | Identified a scroll of acquirement
 13560 | D:10     | Acquired 1338 gold pieces
 13715 | D:3      | Bought a scroll of magic mapping for 45 gold pieces
 13715 | D:3      | Bought a scroll of acquirement for 676 gold pieces
 13716 | D:3      | Acquired a +4 broad axe of electrocution
 13760 | D:3      | Bought a polished chain mail for 218 gold pieces
 13760 | D:3      | Identified the +0 chain mail of Fichinic {Int+3 Dex+4} (You
                  | bought it in a shop on level 3 of the Dungeon)
 13763 | D:3      | Bought a glowing chain mail for 172 gold pieces
 14014 | D:11     | Found a gate leading to a gauntlet.
 14070 | Gauntlet | Entered a Gauntlet
 14070 | Gauntlet | Found a transporter.
 14079 | Gauntlet | Found a transporter.
 14082 | Gauntlet | Found a transporter.
 14083 | Gauntlet | Found a transporter.
 14091 | Gauntlet | Found a transporter.
 14094 | Gauntlet | Found a transporter.
 14095 | Gauntlet | Found a transporter.
 14105 | Gauntlet | Noticed a tengu warrior
 14107 | Gauntlet | Found a transporter.
 14108 | Gauntlet | Found a transporter.
 14112 | Gauntlet | Found a transporter.
 14112 | Gauntlet | Noticed an entropy weaver
 14116 | Gauntlet | Found a transporter.
 14119 | Gauntlet | Found a transporter.
 14120 | Gauntlet | Found a transporter.
 14122 | Gauntlet | Noticed a death yak
 14122 | Gauntlet | Noticed a death yak
 14122 | Gauntlet | Noticed a death yak
 14122 | Gauntlet | Noticed a death yak
 14122 | Gauntlet | Noticed a death yak
 14123 | Gauntlet | Noticed a death yak
 14128 | Gauntlet | Found a transporter.
 14128 | Gauntlet | Found the +1 cloak of Starlight {*Dazzle EV+4 Stlth--}
 14325 | Gauntlet | Killed a tengu warrior
 14340 | Gauntlet | Identified the +2 cloak of Fashionability {Str+4 Int-5
                  | Dex+5}
 14359 | Gauntlet | Noticed a minotaur
 14371 | Gauntlet | Killed a minotaur
 14372 | Gauntlet | Reached skill level 5 in Invocations
 14560 | D:11     | Noticed a centaur warrior
 14568 | D:11     | Killed a centaur warrior
 15172 | D:11     | Noticed a four-headed hydra
 15180 | D:11     | Killed a one-headed hydra
 15550 | D:12     | Found a frozen archway.
 15555 | D:12     | Reached skill level 5 in Shields
 15555 | D:12     | Noticed an ice dragon
 15561 | D:12     | Identified the +11 scale mail of Gahu {Rampage rCorr Str-5
                  | Dex+5} (Okawaru gifted it to you on level 12 of the
                  | Dungeon)
 15561 | D:12     | Received a gift from Okawaru
 15578 | D:12     | HP: 1/91 [ice dragon/blast of cold (15)]
 15579 | D:12     | Killed an ice dragon
 15580 | D:12     | Reached skill level 15 in Axes
 15580 | D:12     | Reached XP level 13. HP: 2/96 MP: 14/17
 15813 | IceCv    | Entered an ice cave
 15831 | IceCv    | Found a transporter.
 15841 | IceCv    | Found a transporter.
 15847 | IceCv    | Identified the +7 great sword of Cataclysm {vorpal, rC+}
 15985 | IceCv    | Reached skill level 6 in Shields
 16133 | D:12     | Noticed a four-headed hydra
 16147 | D:12     | Killed a one-headed hydra
 16335 | D:12     | Found a staircase to the Orcish Mines.
 16407 | D:12     | Reached skill level 7 in Shields
 16612 | D:12     | Noticed a boulder beetle
 16637 | D:12     | Killed a boulder beetle
 17260 | D:12     | Noticed a five-headed hydra
 17270 | D:12     | Killed a one-headed hydra
 17373 | Lair:1   | Entered Level 1 of the Lair of Beasts
 17641 | Orc:1    | Entered Level 1 of the Orcish Mines
 17710 | Orc:1    | Noticed Snorg
 17732 | Orc:1    | Killed Snorg
 17823 | Orc:1    | Reached skill level 8 in Shields
 17878 | Orc:1    | Noticed an ogre mage
 17904 | Orc:1    | Reached XP level 14. HP: 91/103 MP: 16/20
 17930 | Orc:1    | Identified the +1 pair of gloves of Nihilism {Str+2 Slay-6
                  | SInv} (Okawaru gifted it to you on level 1 of the Orcish
                  | Mines)
 17930 | Orc:1    | Received a gift from Okawaru
 17932 | Orc:1    | Reached ****** piety under Okawaru
 18337 | Orc:2    | Entered Level 2 of the Orcish Mines
 18393 | Orc:1    | Noticed Erica
 18401 | Orc:1    | Killed Erica
 18661 | Orc:2    | Found a staircase to the Elven Halls.
 18846 | Orc:2    | Reached skill level 9 in Shields
 19692 | Orc:1    | Reached skill level 10 in Invocations
 20682 | Orc:2    | Found Retyllien's Antique Armour Shoppe.
 20685 | Orc:2    | Found Loxuriuh's Assorted Antiques.
 20686 | Orc:2    | Found Bucsoe Toim's Antique Weapon Shoppe.
 20687 | Orc:2    | Found Kotzy's Weapon Shoppe.
 20694 | Orc:2    | Bought a transparent chain mail for 275 gold pieces
 20694 | Orc:2    | Identified the +7 chain mail "Heupap" {+Inv} (You bought it
                  | in a shop on level 2 of the Orcish Mines)
 20698 | Orc:2    | Bought a spiked tower shield for 275 gold pieces
 20698 | Orc:2    | Identified the +0 tower shield "Tafucuas" {rPois Dex+2
                  | SInv} (You bought it in a shop on level 2 of the Orcish
                  | Mines)
 20698 | Orc:2    | Bought a scroll labelled OJONEQ PUUCRE for 29 gold pieces
 20698 | Orc:2    | Bought a white potion for 26 gold pieces
 20698 | Orc:2    | Bought a scroll of fear for 101 gold pieces
 20698 | Orc:2    | Bought a scroll of identify for 58 gold pieces
 20955 | Lair:1   | Reached skill level 10 in Shields
 21185 | Lair:1   | Noticed Urug
 21200 | Lair:1   | Killed Urug
 21355 | Lair:1   | Noticed Gastronok
 21474 | Lair:1   | Killed Gastronok
 21900 | Lair:1   | Noticed Nergalle
 21912 | Lair:1   | Killed Nergalle
 21912 | Lair:1   | Received a gift from Okawaru
 21912 | Lair:1   | Found the +3 pair of seven-league boots {Rampage+∞}
 22309 | Lair:2   | Reached XP level 15. HP: 84/108 MP: 19/23
 22515 | Lair:2   | Reached skill level 11 in Shields
 22529 | Lair:2   | Found a hole to the Spider Nest.
 22998 | Lair:2   | Found a runed translucent door.
 23001 | Lair:2   | Noticed Xeass's ghost (journeyman DrFE)
 23170 | Lair:2   | Killed Xeass's ghost
 23569 | Lair:3   | Noticed Fannar
 23587 | Lair:3   | Killed Fannar
 23605 | Lair:3   | Reached skill level 12 in Shields
 24414 | Lair:4   | Reached skill level 1 in Evocations
 24418 | Lair:4   | Reached skill level 1 in Throwing
 24420 | Lair:4   | Identified the +8 plate armour of the Chupacabra {Int+4}
                  | (Okawaru gifted it to you on level 4 of the Lair of Beasts)
 24420 | Lair:4   | Received a gift from Okawaru
 24473 | Lair:4   | Reached skill level 13 in Shields
 24622 | Lair:4   | Acquired the +5 cloak "Foygic" {rF+++ rCorr Slay+3 Stlth-}
 24817 | Lair:4   | Found a staircase to the Shoals.
 25801 | Lair:6   | Entered Level 6 of the Lair of Beasts
 25893 | Lair:6   | Reached skill level 14 in Shields
 25955 | Lair:6   | Found a staircase to the Slime Pits.
 25976 | Lair:6   | Reached XP level 16. HP: 115/115 MP: 25/25
 26175 | Lair:6   | Found the amulet of the Air {Inacc Air Fly rElec RMsl}
 26197 | Lair:6   | Reached skill level 5 in Evocations
 26879 | Lair:6   | Reached skill level 15 in Shields
 26917 | Lair:6   | Reached skill level 5 in Throwing
 26938 | Lair:6   | Got the Handbook of Air
 27085 | Lair:6   | Received a gift from Okawaru
 28079 | D:13     | Identified the +5 eveningstar of Dogoreub {vamp, Str+3}
 28087 | D:12     | Reached skill level 16 in Shields
 28230 | D:12     | Received a gift from Okawaru
 28881 | D:13     | Found a gate to the Vaults.
 28903 | D:13     | Reached XP level 17. HP: 120/120 MP: 26/26
 28907 | D:13     | Reached skill level 17 in Shields
 29118 | D:13     | Received a gift from Okawaru
 29293 | D:14     | Acquired a manual of Axes
 29294 | D:14     | Acquired 1089 gold pieces
 29295 | D:14     | Acquired 474 gold pieces
 29487 | D:14     | Noticed Kirke
 29495 | D:14     | Noticed a sphinx
 29503 | D:14     | Killed Kirke
 29743 | D:15     | Entered Level 15 of the Dungeon
 29772 | D:15     | Noticed Agnes
 29797 | D:15     | Killed Agnes
 29806 | D:15     | Reached skill level 18 in Shields
 29898 | D:15     | Noticed Nessos
 29909 | D:15     | Killed Nessos
 29958 | D:15     | Received a gift from Okawaru
 30019 | D:15     | Received a gift from Okawaru
 30076 | D:15     | Found a portal to a secret trove of treasure.
 30118 | D:15     | Found a shimmering altar of Xom.
 30264 | D:15     | Found a staircase to the Depths.
 30366 | D:15     | Received a gift from Okawaru
 30656 | Shoals:1 | Entered Level 1 of the Shoals
 30663 | Shoals:1 | Reached skill level 19 in Shields
 30917 | Shoals:1 | Reached skill level 10 in Evocations
 31212 | Shoals:1 | Identified Roxanne's Almanac of Shape Shifting
 31212 | Shoals:1 | Noticed Roxanne
 31232 | Shoals:1 | Identified the +8 longbow of the Insatiable Hosts {flame,
                  | rC+ rCorr Int+3} (Okawaru gifted it to you on level 1 of
                  | the Shoals)
 31232 | Shoals:1 | Received a gift from Okawaru
 31261 | Shoals:1 | Killed Roxanne
 31786 | Shoals:2 | Found Qouph's Weapon Emporium.
 31876 | Shoals:2 | Reached XP level 18. HP: 70/127 MP: 27/27
 32285 | Shoals:2 | Found Litsav's Antique Armour Shoppe.
 32379 | Shoals:2 | Received a gift from Okawaru
 32947 | Shoals:3 | Reached skill level 20 in Shields
 33058 | Shoals:3 | Found Yletugo's Gadget Gallery.
 33066 | Shoals:3 | Bought a phial of floods for 560 gold pieces
 33250 | Shoals:3 | Identified the +5 robe of Wiskag {Harm rC- rN+}
 33331 | Shoals:3 | Received a gift from Okawaru
 33945 | Shoals:4 | Entered Level 4 of the Shoals
 34479 | Shoals:4 | Noticed Mara
 34492 | Shoals:4 | Noticed gimp's illusion
 34504 | Shoals:4 | Noticed gimp's illusion
 34510 | Shoals:4 | Killed Mara
 34531 | Shoals:4 | Reached skill level 21 in Shields
 34541 | Arena    | Entered the Arena
 34646 | Shoals:4 | Got a barnacled rune of Zot
 35194 | Shoals:4 | Identified the +8 plate armour "Imouzxig" {*Slow rPois rC+
                  | Dex+6} (Okawaru gifted it to you on level 4 of the Shoals)
 35194 | Shoals:4 | Received a gift from Okawaru
 36166 | Spider:1 | Entered Level 1 of the Spider Nest
 36206 | Spider:1 | Reached skill level 15 in Armour
 36207 | Spider:1 | Reached XP level 19. HP: 122/132 MP: 26/28
 36600 | Spider:1 | Reached skill level 22 in Shields
 37848 | Spider:2 | Received a gift from Okawaru
 38297 | Spider:2 | Received a gift from Okawaru
 38364 | Spider:2 | Reached skill level 23 in Shields
 38365 | Spider:2 | Identified the +3 chain mail "Qayttod" {-Tele Rampage
                  | Dex+4} (Okawaru gifted it to you on level 2 of the Spider
                  | Nest)
 38365 | Spider:2 | Received a gift from Okawaru
 38465 | Spider:3 | Noticed Arachne
 38886 | Spider:3 | Killed Arachne
 38938 | Spider:3 | Reached XP level 20. HP: 139/139 MP: 29/29
 39301 | Spider:4 | Entered Level 4 of the Spider Nest
 39538 | Spider:4 | Reached skill level 24 in Shields
 39543 | Spider:4 | Noticed Aizul
 39562 | Spider:4 | Killed Aizul
 40228 | Spider:4 | Identified the +3 scale mail "Fotaph" {-Tele rCorr MP-9
                  | Str+7} (Okawaru gifted it to you on level 4 of the Spider
                  | Nest)
 40228 | Spider:4 | Received a gift from Okawaru
 40504 | Spider:4 | Got a gossamer rune of Zot
 40845 | Vaults:1 | Entered Level 1 of the Vaults
 41360 | Vaults:1 | Reached skill level 25 in Shields
 41487 | Vaults:1 | Reached XP level 21. HP: 144/144 MP: 30/30
 41505 | Vaults:1 | Found a huge runed gate.
 41505 | Vaults:1 | Found a huge runed gate.
 41505 | Vaults:1 | Found a huge runed gate.
 41507 | Vaults:1 | Found a huge runed gate.
 41508 | Vaults:1 | Found a huge runed gate.
 41508 | Vaults:1 | Found a huge runed gate.
 41508 | Vaults:1 | Found a huge runed gate.
 41509 | Vaults:1 | Found a huge runed gate.
 41509 | Vaults:1 | Found a huge runed gate.
 41509 | Vaults:1 | Found a huge runed gate.
 41514 | Vaults:1 | Found a huge runed gate.
 41514 | Vaults:1 | Found a huge runed gate.
 41514 | Vaults:1 | Found a huge runed gate.
 41514 | Vaults:1 | Found a huge runed gate.
 41514 | Vaults:1 | Found a huge runed gate.
 41514 | Vaults:1 | Found a huge runed gate.
 41515 | Vaults:1 | Found a huge runed gate.
 41516 | Vaults:1 | Found a huge runed gate.
 41517 | Vaults:1 | Found a huge runed gate.
 41527 | Vaults:1 | Found a huge runed gate.
 41527 | Vaults:1 | Found a huge runed gate.
 41527 | Vaults:1 | Found a huge runed gate.
 41527 | Vaults:1 | Found a huge runed gate.
 41528 | Vaults:1 | Found a huge runed gate.
 41529 | Vaults:1 | Found a huge runed gate.
 41530 | Vaults:1 | Found a huge runed gate.
 41531 | Vaults:1 | Found a huge runed gate.
 41532 | Vaults:1 | Found a huge runed gate.
 41543 | Vaults:1 | Found a huge runed gate.
 41543 | Vaults:1 | Found a huge runed gate.
 41543 | Vaults:1 | Found a huge runed gate.
 41543 | Vaults:1 | Found a huge runed gate.
 41543 | Vaults:1 | Found a huge runed gate.
 41543 | Vaults:1 | Found a huge runed gate.
 41578 | Vaults:1 | Found a huge runed gate.
 41579 | Vaults:1 | Found a huge runed gate.
 41670 | Vaults:1 | Received a gift from Okawaru
 42461 | Vaults:2 | Found a staircase to the Crypt.
 42461 | Vaults:2 | Found a basalt altar of Yredelemnul.
 42461 | Vaults:2 | Found an ancient bone altar of Kikubaaqudgha.
 42654 | Vaults:2 | Identified the +5 scale mail "Xeiss" {rPois rC+ Str-4}
                  | (Okawaru gifted it to you on level 2 of the Vaults)
 42654 | Vaults:2 | Received a gift from Okawaru
 42842 | Vaults:2 | Found Dul Liruschy's Antique Armour Shop.
 43115 | Vaults:2 | Reached skill level 5 in Dodging
 43490 | Vaults:2 | Found Ukkunet's Book Shoppe.
 43492 | Vaults:2 | Found Ahiepaer's Antique Weapon Shoppe.
 43612 | Vaults:2 | Identified the ring of the Townfolk {rPois Str+3 Int+7}
 43787 | Vaults:3 | Identified the +8 crystal plate armour "Barret" {Rampage
                  | Int+4} (Okawaru gifted it to you on level 3 of the Vaults)
 43787 | Vaults:3 | Received a gift from Okawaru
 43979 | Vaults:3 | Identified the +4 kite shield of Kemor {Fly}
 43979 | Vaults:3 | Noticed Asterion
 43992 | Vaults:3 | Killed Asterion
 44101 | Vaults:3 | Reached XP level 22. HP: 157/157 MP: 31/31
 44253 | Vaults:3 | Reached skill level 10 in Fighting
 44766 | Arena    | Entered the Arena
 44929 | Vaults:3 | Noticed a golden dragon
 44936 | Vaults:3 | Killed a golden dragon
 44938 | Vaults:3 | Received a gift from Okawaru
 45238 | Vaults:4 | Found a flickering gateway to a bazaar.
 45243 | Bazaar   | Entered a bazaar
 45264 | Bazaar   | Found Mowuviru's Weapon Boutique.
 45278 | Bazaar   | Found Yraaram's Assorted Antiques.
 45306 | Bazaar   | Found Gicukh's Magic Scroll Shop.
 45320 | Bazaar   | Found Sumas's Book Boutique.
 45334 | Bazaar   | Found Yfikko Iggiq's Armour Shop.
 45418 | Bazaar   | Bought the macabre finger necklace {rN+} for 1040 gold
                  | pieces
 45418 | Bazaar   | Found the macabre finger necklace {rN+}
 45418 | Bazaar   | Bought a scroll of fear for 91 gold pieces
 45768 | Vaults:4 | Identified the +5 kite shield of Going Fast {Int+4}
                  | (Okawaru gifted it to you on level 4 of the Vaults)
 45768 | Vaults:4 | Received a gift from Okawaru
 46252 | Vaults:4 | Identified the ring "Juatzem" {rElec rF+ SInv}
 47006 | Elf:1    | Entered Level 1 of the Elven Halls
 47568 | Elf:1    | Reached XP level 23. HP: 157/171 MP: 32/32
 47840 | Elf:1    | Got Ponteh's Handbook of Black Magic
 48091 | Elf:2    | Acquired 677 gold pieces
 48137 | Elf:2    | Found Puzxic's Armour Shoppe.
 48325 | Elf:2    | Received a gift from Okawaru
 48555 | Elf:2    | Found a runed translucent gate.
 48555 | Elf:2    | Found a runed translucent gate.
 48566 | Elf:2    | Found a runed translucent gate.
 48990 | Elf:2    | Noticed Nikola
 48995 | Arena    | Entered the Arena
 48997 | Arena    | Reached skill level 10 in Dodging
 49017 | Elf:2    | Killed Nikola
 49431 | Elf:3    | Entered Level 3 of the Elven Halls
 49470 | Elf:3    | Received a gift from Okawaru
 50537 | Elf:3    | Received a gift from Okawaru
 50859 | Elf:3    | Identified the ring of Birdsong {rPois Int+5}
 50873 | Elf:3    | Identified the +4 executioner's axe of Jutz {freeze, rC+++
                  | Int+2 Dex-5}
 50896 | Elf:3    | Reached XP level 24. HP: 156/187 MP: 32/32
 51133 | Elf:3    | Identified the +7 quarterstaff "Zolyt" {vorpal, +Blink
                  | Will+}
 51227 | Elf:3    | Identified the +7 hunting sling of Eternal Vigilance
                  | {freeze, rC+ Will++ Dex-2}
 51567 | Depths:1 | Entered Level 1 of the Depths
 51627 | Depths:1 | Found Ciozaih's One-of-a-Kind Books.
 51645 | Depths:1 | Reached skill level 15 in Fighting
 53727 | Vaults:1 | Reached skill level 1 in Crossbows
 53747 | Vaults:1 | Identified the +9 broad axe of Dovu {antimagic, +Blink}
 54061 | Depths:1 | Identified the +0 crystal plate armour of Crawling {-Cast
                  | rN+++ Regen+} (Okawaru gifted it to you on level 1 of the
                  | Depths)
 54061 | Depths:1 | Received a gift from Okawaru
 54557 | Depths:1 | Reached skill level 5 in Crossbows
 54771 | Depths:1 | Found a gateway to Hell.
 55033 | Depths:1 | Found an iron altar of Okawaru.
 55469 | Depths:2 | Found Gozag's Antique Armour Shoppe.
 55619 | Depths:2 | Found Piziamiogh's Jewellery Shop.
 55621 | Depths:2 | Found Gyaky's Distillery.
 55623 | Depths:2 | Found Homoug's Antique Armour Shop.
 55639 | Depths:2 | Bought a potion of heal wounds for 110 gold pieces
 55639 | Depths:2 | Bought a potion of flight for 66 gold pieces
 55639 | Depths:2 | Bought a potion of curing for 66 gold pieces
 55674 | Depths:2 | Found an opulent altar of Gozag.
 55674 | Depths:2 | Found Gozag's Antique Armour Shoppe.
 55674 | Depths:2 | Noticed a golden dragon
 55675 | Depths:2 | Found Gozag's Antique Armour Emporium.
 55685 | Depths:2 | Killed a golden dragon
 55881 | Depths:2 | Found a one-way gate leading to the halls of Pandemonium.
 55939 | Depths:2 | Received a gift from Okawaru
 56275 | Depths:2 | Found a corrupted altar of Lugonu.
 56275 | Depths:2 | Found a one-way gate to the infinite horrors of the Abyss.
 56341 | Depths:3 | Found a flickering gateway to a bazaar.
 56346 | Bazaar   | Entered a bazaar
 56347 | Bazaar   | Found Fozu Dash's Jewellery Emporium.
 56347 | Bazaar   | Found Lasudaq's Distillery.
 56348 | Bazaar   | Found Toshedgh's Weapon Boutique.
 56379 | Bazaar   | Found Zita's Weapon Shop.
 56398 | Bazaar   | Bought a potion of curing for 45 gold pieces
 56398 | Bazaar   | Bought 3 potions of ambrosia for 360 gold pieces
 56398 | Bazaar   | Bought 2 potions of heal wounds for 150 gold pieces
 56398 | Bazaar   | Bought a potion of curing for 45 gold pieces
 56398 | Bazaar   | Bought a potion of resistance for 150 gold pieces
 56398 | Bazaar   | Bought a potion of heal wounds for 75 gold pieces
 56717 | Depths:3 | Noticed Frederick
 56721 | Depths:3 | Killed Frederick
 56722 | Depths:3 | Reached XP level 25. HP: 194/194 MP: 32/32
 56773 | Depths:3 | Found a one-way gateway to a ziggurat.
 56932 | Depths:3 | Noticed a juggernaut
 56943 | Depths:3 | Killed a juggernaut
 57087 | Depths:3 | Noticed Sojobo
 57099 | Depths:3 | Killed Sojobo
 57295 | Depths:3 | Noticed Saint Roka
 57312 | Depths:3 | Killed Saint Roka
 57878 | Depths:3 | Noticed a juggernaut
 57889 | Depths:3 | Killed a juggernaut
 57889 | Depths:3 | Received a gift from Okawaru
 57940 | Depths:3 | Noticed a dread lich
 57941 | Depths:3 | Identified the +10 hand crossbow of Ypyli {flame, rElec
                  | Str+4}
 57965 | Depths:3 | Killed a dread lich
 57965 | Depths:3 | Received a gift from Okawaru
 57966 | Depths:3 | Reached skill level 10 in Crossbows
 57966 | Depths:3 | Reached skill level 15 in Dodging
 58256 | Depths:4 | Entered Level 4 of the Depths
 58589 | Depths:4 | Received a gift from Okawaru
 58781 | Depths:4 | Received a gift from Okawaru
 59070 | Depths:2 | Bought the ring of Kynwac {rN+ rCorr SInv Stlth-} for 547
                  | gold pieces
 59469 | Depths:4 | Reached XP level 26. HP: 164/201 MP: 32/32
 59585 | Depths:4 | Received a gift from Okawaru
 59755 | Depths:4 | Got the Compendium of the Birds and Sinister Rites
 59758 | Depths:4 | Got the Catalogue of Curses
 59774 | Depths:4 | Got Sif Muna's Reference Book on Toxins and Conjuration
 59910 | Depths:4 | Identified the +7 tower shield of the Valley of Death {rN++
                  | Regen+ rCorr Stlth-} (Okawaru gifted it to you on level 4
                  | of the Depths)
 59910 | Depths:4 | Received a gift from Okawaru
 59947 | Depths:4 | Found a gate to the Realm of Zot.
 60430 | Vaults:5 | Entered Level 5 of the Vaults
 60530 | Vaults:5 | Noticed a dread lich
 60672 | Vaults:4 | Killed a dread lich
 60789 | Vaults:5 | Received a gift from Okawaru
 60887 | Vaults:5 | Identified the +0 tower shield "Jicut" {rC+ Str+2 SInv}
                  | (Okawaru gifted it to you on level 5 of the Vaults)
 60887 | Vaults:5 | Received a gift from Okawaru
 60994 | Vaults:5 | Got a silver rune of Zot
 61203 | Vaults:5 | Identified the +10 flail of Luexivit {flame, Fragile rF++
                  | rCorr SInv}
 61554 | Vaults:5 | Reached skill level 15 in Crossbows
 61577 | Vaults:5 | Identified the +10 plate armour of Iwakuos {rElec Str-4
                  | Int+5 Stlth+}
 61762 | Vaults:5 | Reached XP level 27. HP: 207/207 MP: 32/32
 62196 | Slime:1  | Entered Level 1 of the Pits of Slime
 62741 | Slime:3  | Gained mutation: You sometimes lose the ability to read
                  | scrolls when taking damage. [a shining eye]
 63108 | Slime:5  | Entered Level 5 of the Pits of Slime
 63782 | Slime:4  | Received a gift from Okawaru
 63894 | Slime:5  | Gained mutation: Potions are less effective at restoring
                  | your health. [a shining eye]
 64191 | Slime:5  | Noticed the Royal Jelly
 64207 | Slime:5  | Killed the Royal Jelly
 64313 | Slime:5  | Found the +9 staff of Olgreb {rPois∞}
 64324 | Slime:5  | Got a slimy rune of Zot
 64352 | Slime:5  | Identified the ring "Lyesapla" {Drain Int+5 Dex+4 Slay+4}
 64385 | Slime:5  | Identified the amulet "Lowiew" {Faith Int+3}
 64404 | Slime:5  | Identified the ring "Gidiah" {rPois rF- rCorr Dex+6 SInv
                  | Stlth-}
 64421 | Slime:5  | Identified the +0 cloak "Rantek" {Fly Regen+ Str+4 Dex-3}
 64828 | Zot:1    | Entered Level 1 of the Realm of Zot
 65221 | Zot:1    | Received a gift from Okawaru
 65333 | Zot:1    | Found the +4 dragonskin cloak
 65333 | Zot:1    | Noticed Tiamat
 65404 | Zot:1    | Killed Tiamat
 65404 | Zot:1    | Received a gift from Okawaru
 65485 | Zot:1    | Noticed an orb of fire
 65493 | Zot:1    | Gained mutation: Your body sometimes deteriorates upon
                  | taking damage. [an orb of fire]
 65501 | Zot:1    | Gained mutation: You are dopey. (Int -2) [an orb of fire]
 65502 | Zot:1    | Killed an orb of fire
 65838 | Zot:1    | Found a transporter.
 66038 | Zot:1    | Found a transporter.
 66163 | Zot:1    | Identified the +1 chain mail of Kleptomania {Slay+4}
                  | (Okawaru gifted it to you on level 1 of the Realm of Zot)
 66163 | Zot:1    | Received a gift from Okawaru
 66227 | Zot:1    | Identified the ring of Humuxy {rN+++ rCorr Str+8 Int+6
                  | Dex-3}
 66233 | Zot:1    | Identified the ring "Uxkes" {rCorr MP+9}
 66241 | Zot:1    | Got the Grimoire of Freezing Lightness
 66374 | Zot:2    | Noticed an orb of fire
 66703 | Zot:2    | Gained mutation: Armour fits poorly on your strangely
                  | shaped body. [an orb of fire]
 66705 | Zot:2    | Gained mutation: You have very sharp teeth. [an orb of
                  | fire]
 66707 | Zot:2    | Gained mutation: Your body often deteriorates upon taking
                  | damage. [an orb of fire]
 66713 | Zot:2    | Lost mutation: Your body often deteriorates upon taking
                  | damage. [an orb of fire]
 66718 | Zot:2    | Killed an orb of fire
 66755 | Zot:2    | Found a large runed translucent door.
 66755 | Zot:2    | Found a large runed translucent door.
 66755 | Zot:2    | Noticed Jatoec's ghost (legendary GnFi)
 66782 | Zot:2    | Killed Jatoec's ghost
 67113 | Zot:3    | Noticed Etiafa's ghost (legendary TrWz)
 67114 | Zot:3    | Noticed Ofiett's ghost (veteran TrCK)
 67115 | Zot:3    | Noticed an ancient lich
 67118 | Zot:3    | Found a transporter.
 67223 | Zot:3    | Found a transporter.
 67621 | Zot:3    | Received a gift from Okawaru
 68084 | Zot:4    | Identified the ring "Koeroipa" {Will+ rCorr Slay+3 SInv}
 69050 | Zot:5    | Entered Level 5 of the Realm of Zot
 69278 | Zot:5    | Noticed a Killer Klown
 69287 | Zot:5    | Killed a Killer Klown
 69490 | Zot:5    | Noticed an ancient lich
 69492 | Zot:5    | Noticed a Killer Klown
 69504 | Zot:5    | Killed an ancient lich
 69517 | Zot:5    | Killed a Killer Klown
 69525 | Zot:5    | Noticed a dread lich
 69536 | Zot:5    | Killed a dread lich
 69543 | Zot:5    | Noticed an orb of fire
 69549 | Zot:5    | Gained mutation: Your body often deteriorates upon taking
                  | damage. [an orb of fire]
 69550 | Zot:5    | Received a gift from Okawaru
 69566 | Zot:5    | Gained mutation: Your spells are a little easier to cast,
                  | but a little less powerful. [an orb of fire]
 69572 | Zot:5    | Killed an orb of fire
 69578 | Zot:5    | Noticed an orb of fire
 69593 | Zot:5    | Killed an orb of fire
 69593 | Zot:5    | Received a gift from Okawaru
 69603 | Zot:5    | Noticed an orb of fire
 69604 | Zot:5    | Gained mutation: Potions cannot restore your health. [an
                  | orb of fire]
 69618 | Zot:5    | Killed an orb of fire
 69716 | Zot:5    | Lost mutation: Your spells are a little easier to cast, but
                  | a little less powerful. [potion of mutation]
 69716 | Zot:5    | Lost mutation: Your body often deteriorates upon taking
                  | damage. [potion of mutation]
 69716 | Zot:5    | Gained mutation: You are weak. (Str -2) [potion of
                  | mutation]
 69720 | Zot:4    | Lost mutation: You are dopey. (Int -2) [potion of mutation]
 69720 | Zot:4    | Lost mutation: Your body sometimes deteriorates upon taking
                  | damage. [potion of mutation]
 69720 | Zot:4    | Lost mutation: You are weak. (Str -2) [potion of mutation]
 69720 | Zot:4    | Gained mutation: Your magical capacity is low. (-10% MP)
                  | [potion of mutation]
 69720 | Zot:4    | Gained mutation: You have large cloven feet. [potion of
                  | mutation]
 69721 | Zot:4    | Lost mutation: You sometimes lose the ability to read
                  | scrolls when taking damage. [potion of mutation]
 69721 | Zot:4    | Lost mutation: Armour fits poorly on your strangely shaped
                  | body. [potion of mutation]
 69721 | Zot:4    | Lost mutation: Your magical capacity is low. (-10% MP)
                  | [potion of mutation]
 69721 | Zot:4    | Gained mutation: You are strong-willed. (Will+) [potion of
                  | mutation]
 69721 | Zot:4    | Gained mutation: You are dopey. (Int -2) [potion of
                  | mutation]
 69722 | Zot:4    | Lost mutation: You are strong-willed. (Will+) [potion of
                  | mutation]
 69722 | Zot:4    | Gained mutation: You are somewhat resistant to further
                  | mutation. [potion of mutation]
 69786 | Zot:5    | Received a gift from Okawaru
 69830 | Zot:5    | Noticed a dread lich
 69839 | Zot:5    | Killed a dread lich
 69866 | Zot:5    | Noticed a Killer Klown
 69868 | Zot:5    | Noticed an orb of fire
 69870 | Zot:5    | Noticed an orb of fire
 69870 | Zot:5    | Noticed a Killer Klown
 69871 | Zot:5    | Noticed an orb of fire
 69873 | Zot:5    | Lost mutation: You have large cloven feet. [an orb of fire]
 69874 | Arena    | Entered the Arena
 69883 | Arena    | Killed an orb of fire
 69883 | Arena    | Received a gift from Okawaru
 69898 | Zot:5    | Noticed an orb of fire
 69905 | Zot:5    | Gained mutation: Your spells are a little easier to cast,
                  | but a little less powerful. [an orb of fire]
 69913 | Arena    | Entered the Arena
 69964 | Zot:5    | Gained mutation: Your spells are easier to cast, but less
                  | powerful. [an orb of fire]
 69967 | Arena    | Entered the Arena
 69988 | Zot:5    | Gained mutation: You occasionally shout uncontrollably at
                  | your foes. [an orb of fire]
 69990 | Arena    | Entered the Arena
 70014 | Zot:5    | HP: 10/215 [orb of fire/fireball (31)]
 70016 | Zot:5    | Killed from afar by an orb of fire

Illustrated notes

Levels and vault maps discovered:
D:1:      roderic_chinese_lattice_arrival, layout_basic
D:2:      layout_basic
D:3:      layout_basic, vehumet_statue, ebering_ecumenical_altar_petrified,
          gammafunk_ghost_smash, serial_shops, shop_statue,
          nicolae_shop_hallway_stairs, uniq_terence, uniq_sigmund,
          uniq_crazy_yiuf_cottage
D:4:      layout_cave_pools, minmay_temple_entry_fiery, uniq_robin
D:5:      layout_basic, overflow_temple_1_default, serial_shops,
          nicolae_diamond_shop
D:6:      layout_rooms, grunt_temple_overflow_opulence, uniq_maggie,
          uniq_blork_the_orc
D:7:      layout_basic, ashenzari_altar_1, bloody_makhleb,
          pdpol_wu_jian_five_deadly_venoms
D:8:      layout_basic, mainiacjoe_overflow_boulevard, serial_shops,
          nicolae_shop_bloodbath_and_beyond
D:9:      layout_loops_corners, kiku_gazebo_garden_becter, lair_entry_dummy,
          enter_bailey_5, uniq_maurice
D:10:     layout_roguey, lightli_temple_of_fire, mainiacjoe_overflow_alcove_4,
          nicolae_dithmenos_the_darkroom, mainiacjoe_overflow_brackets,
          bh_hangedman_babel_library, uniq_josephine
D:11:     layout_gridville, gauntlet_entry_generic, minmay_misc_feat_enclosed
D:12:     layout_irregular_city, orc_0_dummy,
          portal_ice_cave_entry_animals_and_master
D:13:     nzn_winding_woodlands_stair_cross
          [nzn_winding_woodlands_5x15_longhouse,
          nzn_winding_woodlands_center_pierced_h,
          nzn_winding_woodlands_5x15_garden,
          nzn_winding_woodlands_5x5_perimeter, nzn_winding_woodlands_5x5_cross,
          nzn_winding_woodlands_5x15_concentric,
          nzn_winding_woodlands_center_triple_pond,
          nzn_winding_woodlands_5x15_pockets], layout_stronghold, erik_vaults_2,
          argonaut_gorgonesque
D:14:     layout_rooms, minmay_door_square, columned_hall_lemuel, uniq_kirke
D:15:     grunt_enter_depths_magical_seal, layout_rooms,
          nicolae_trove_entry_isolated, lemuel_doored_altar, uniq_agnes,
          uniq_nessos
Temple:   corrupted_temple
Lair:1:   layout_small_grid, grunt_megastairs_3, uniq_urug, uniq_nergalle,
          uniq_gastronok
Lair:2:   layout_cave_pods, nicolae_spider_entry_tight_spaces,
          hellmonk_ghost_happy_afterlife
Lair:3:   layout_regular_city, uniq_fannar
Lair:4:   layout_gridlike, elwin_shoals_entry_rooms, st_stairs_6
Lair:5:   layout_loops_ring, infiniplex_staircase_pool
Lair:6:   due_jungle_book, layout_regular_city, nicolae_slime_entry_slimehenge,
          chequers_serial_rivers_micro_d, small_statue_intersection,
          serial_bayou_lagoon_a, serial_bayou_shore_a, lemuel_fruit_tree
Shoals:1: layout_shoals, nicolae_shoals_stone_sculpture_thing, uniq_roxanne
Shoals:2: layout_shoals, serial_shops, nicolae_shop_waterfront,
          nicolae_shop_hallway_stairs, nicolae_shoals_water_booths
Shoals:3: layout_shoals, nicolae_shop_gadgets
Shoals:4: shoals_end_hangedman, layout_shoals, uniq_mara
Spider:1: nicolae_spider_hilbert_zone_1 [nicolae_spider_hilbert_4_sides_1_open,
          nicolae_spider_hilbert_4_sides_1_open,
          nicolae_spider_hilbert_4_sides_1_open,
          nicolae_spider_hilbert_4_sides_1_open,
          nicolae_spider_hilbert_3_sides_1_open,
          nicolae_spider_hilbert_3_sides_1_open,
          nicolae_spider_hilbert_3_sides_1_open,
          nicolae_spider_hilbert_3_sides_1_open,
          nicolae_spider_hilbert_3_sides_1_open,
          nicolae_spider_hilbert_6_sides_1_open,
          nicolae_spider_hilbert_6_sides_1_open,
          nicolae_spider_hilbert_3_sides_1_open,
          nicolae_spider_hilbert_3_sides_1_open,
          nicolae_spider_hilbert_3_sides_1_open,
          nicolae_spider_hilbert_3_sides_1_open,
          nicolae_spider_hilbert_2_sides_1_open],
          nicolae_spider_twisty_arc_passages
Spider:2: layout_spider_delve, nicolae_spider_swamp_cousins
Spider:3: layout_spider_delve, spiders_nest_spider_trap, uniq_arachne
Spider:4: johnstein_spider_rune_arachne_lair, uniq_aizul
Slime:1:  layout_caves
Slime:2:  layout_caves
Slime:3:  layout_caves
Slime:4:  layout_caves
Slime:5
Orc:1:    hellmonk_paralyzer, layout_caves, serial_shops, uniq_erica, uniq_snorg
Orc:2:    st_orc_pillars, layout_diamond_mine
Elf:1:    layout_loops_corners, minmay_elf_necromancy
Elf:2:    nicolae_elf_blades_splatter_lattice [nicolae_blade_entry_pointy_end],
          layout_gridlike, serial_shops,
          nicolae_shop_competitors_out_of_business, uniq_nikola
Elf:3:    minmay_elf_hall_curves, layout_onion_city, dk_noncrumbling_4
Vaults:1: v_pattern_1, v_misc_14, vaults_room_boxed, grunt_vaults_hallway_short,
          nicolae_vaults_alarming, door_vault, hangedman_vaults_unwind,
          vaults_room_hallway, vaults_standard_mumra_enter_the_diamond,
          v_alt_pattern_3, ontoclasm_vaults_ring_small,
          grunt_vaults_hallway_short, layout_vaults_omnigrid
Vaults:2: ontoclasm_vaults_spin, ontoclasm_vaults_tryst,
          hangedman_vaults_restitches, st_octagons_1, v_misc_28, v_misc_10,
          grunt_vaults_swirl, v_pattern_3, vaults_room_large_hall,
          ontoclasm_vaults_pinch, minmay_crypt_entry_necro_gods,
          vaults_mumra_lcd, layout_vaults_ring, serial_shops, shop, shop,
          nicolae_shop_hallway_plus
Vaults:3: ontoclasm_vaults_twist, hangedman_vaults_corner,
          nicolae_vaults_hallways_thing, v_alt_pattern_6,
          hangedman_vaults_nodes, vaults_room_glass_cross,
          vaults_standard_mumra_lines, ontoclasm_vaults_fault, v_misc_17,
          vaults_room_stairs_pillars, vaults_room_corners,
          layout_vaults_omnicross, uniq_asterion
Vaults:4: v_misc_10, v_misc_16, dpeg_vaults_monster_box, v_misc_10,
          nicolae_vaults_network_periphery, nicolae_vaults_mini_display_case,
          nicolae_vaults_little_squares_2, nicolae_vaults_theta,
          vaults_room_corners, vaults_dpeg_diagonal, vaults_dpeg_encased_lava,
          layout_vaults_chaotic_city, serial_shops, bzr_entry_road, uniq_margery
Vaults:5
Depths:1: layout_roguey, pf_hell_entry_tar_river, serial_bayou_pond_b,
          nicolae_rare_books, kennysheep_okawaru_gauntlet
Depths:2: kennysheep_gozag_temple, layout_cave_pools, hangedman_decor_points,
          abyss_entry_flame_altar, hell_entry, pan_entry, minmay_shop_star
Depths:3: kennysheep_four_of_diamonds, layout_basic, enter_ziggurat_c,
          hell_entry, serial_shops, bzr_in_the_mist, abyss_entry,
          infiniplex_staircase_x, uniq_saint_roka, uniq_frederick, uniq_sojobo
Depths:4: grunt_zot_entry_alcove, layout_honeycomb,
          chequers_serial_rivers_micro_e, grunt_metal_band,
          chequers_serial_rivers_large_b, grunt_ministairs_6,
          minmay_the_grid_square_5x5_3x3_mashed
          [minmay_the_grid_square_5x5_three_walls,
          minmay_the_grid_square_5x5_n_small,
          minmay_the_grid_square_5x5_doubleslash,
          minmay_the_grid_square_5x5_dogpile,
          minmay_the_grid_square_5x5_megaprize_diamond,
          minmay_the_grid_square_5x5_forky, minmay_the_grid_square_5x5_eight,
          minmay_the_grid_square_5x5_empty, minmay_the_grid_square_5x5_two]
Zot:1:    gammafunk_dig_for_victory, layout_gridlike, zot_minivault_5,
          uniq_tiamat
Zot:2:    layout_misc_corridors, ebering_ghost_disaster_area, zot_minivault_4
Zot:3:    layout_cellular_growth, nzn_ghost_randoct, grunt_megastairs_1
Zot:4:    layout_twisted_circle
Zot:5:    layout_twisted_circle

Skill      XL: |  1  2  3  4  5  6  7  8  9 10 11 12 13 14 15 16 17 18 19 20 21 22 23 24 25 26 27 |
---------------+----------------------------------------------------------------------------------+-----
Fighting       | 3 4 5 6 7 9 12 14 15 17 | 17.4
Shields        | 2 3 4 5 8 10 14 16 19 21 23 25 | 25.0
Armour         | 3 5 7 9 11 13 15 16 17 18 | 18.0
Axes           | 3 6 8 11 13 15 16 18 19 20 21 22 23 24 | 24.0
Invocations    | 2 6 8 11 12 | 12.0
Evocations     | 4 7 10 11 | 11.0
Throwing       | 3 6 |  6.0
Dodging        | 6 9 11 14 16 17 22 | 22.2
Crossbows      | 8 12 15 20 | 20.0
Staves         | |  4.0
Spellcasting   | |  1.1
Translocations | |  1.0

Action                   |  1- 3 |  4- 6 |  7- 9 | 10-12 | 13-15 | 16-18 | 19-21 | 22-24 | 25-27 || total
-------------------------+-------+-------+-------+-------+-------+-------+-------+-------+-------++-------
Melee: Quarterstaff      |    96 |   109 |   301 |       |       |       |       |       |       ||   506
       Hand axe          |       |       |    51 |   174 |       |       |       |       |       ||   225
       War axe           |       |       |       |   399 |       |       |       |       |       ||   399
       Broad axe         |       |       |       |   126 |  1020 |   803 |       |       |       ||  1949
       Scimitar          |       |       |       |     6 |    46 |    24 |       |       |       ||    76
       Executioner's axe |       |       |       |       |       |   521 |  1081 |  1162 |  2103 ||  4867
       Bite              |       |       |       |       |       |       |       |       |   104 ||   104
Invok: Heroism           |       |       |       |     6 |    18 |    14 |     7 |    14 |    25 ||    84
       Finesse           |       |       |       |     1 |     2 |     2 |     3 |     4 |    12 ||    24
       Duel              |       |       |       |       |       |     1 |       |     2 |     4 ||     7
 Abil: Dig               |       |     4 |     2 |     7 |     7 |     3 |     1 |     1 |    16 ||    41
Evoke: Wand              |       |       |     6 |    14 |       |       |     4 |     8 |     5 ||    37
       Tin of tremorston |       |       |       |       |     1 |     5 |       |     4 |     5 ||    15
       Lightning rod     |       |       |       |       |       |       |       |       |     4 ||     4
  Use: Potion            |       |     3 |       |     2 |     2 |       |     3 |     1 |     8 ||    19
       Scroll            |       |     2 |    10 |    15 |     4 |     8 |     4 |     3 |    14 ||    60
 Stab: Distracted        |       |       |       |       |     1 |     1 |     1 |       |       ||     3
       Petrified         |       |       |       |       |       |     5 |       |       |       ||     5
       Sleeping          |       |       |       |       |       |       |       |     1 |       ||     1
Armor: Chain mail        |    44 |    67 |   131 |       |       |       |       |       |       ||   242
       Skin              |       |     8 |       |       |       |       |       |       |       ||     8
       Swamp dragon scal |       |       |    60 |   360 |       |       |       |       |       ||   420
       Ice dragon scales |       |       |       |       |   350 |   353 |   482 |   163 |    63 ||  1411
       Gold dragon scale |       |       |       |       |       |       |       |       |   493 ||   493
Dodge: Dodged            |    25 |    33 |   154 |   373 |   273 |   247 |   275 |   217 |   530 ||  2127
       Repelled          |       |       |       |       |       |     7 |       |    10 |       ||    17
Block: Buckler           |    16 |    25 |    89 |   164 |       |       |       |       |       ||   294
       Kite shield       |       |       |       |    50 |   462 |   189 |       |       |       ||   701
       Tower shield      |       |       |       |       |       |  1012 |  1200 |   919 |  2131 ||  5262

Table legend: (Time is in decaauts)
 A = Elapsed time spent in this place.
 B = Non-inter-level travel time spent in this place.
 C = Inter-level travel time spent in this place.
 D = Time resting spent in this place.
 E = Time spent auto-exploring this place.
 F = Levels seen in this place.
 G = Mean time per level.
                   A        B        C        D        E       F      G
               +--------+--------+--------+--------+--------+-----+--------+
         Total |  68340 |  61424 |   6916 |   4272 |  42844 |  66 | 1035.5 |
       Dungeon |  20367 |  17397 |   2970 |   1243 |  12362 |  15 | 1357.8 |
        Temple |     54 |     44 |     10 |      0 |     27 |   1 |   54.0 |
          Lair |   7894 |   6501 |   1393 |    281 |   4913 |   6 | 1315.7 |
        Shoals |   5378 |   5118 |    260 |     80 |   4205 |   4 | 1344.5 |
   Spider Nest |   4705 |   4200 |    505 |    438 |   2663 |   4 | 1176.2 |
    Slime Pits |   1829 |   1611 |    218 |     69 |   1009 |   5 |  365.8 |
  Orcish Mines |   3138 |   3057 |     81 |    740 |   1590 |   2 | 1569.0 |
   Elven Halls |   4269 |   4101 |    168 |      4 |   3206 |   3 | 1423.0 |
        Vaults |   7544 |   7007 |    537 |    166 |   5112 |   5 | 1508.8 |
        Depths |   6259 |   5682 |    577 |    378 |   4193 |   4 | 1564.8 |
           Zot |   4617 |   4422 |    195 |    369 |   2708 |   5 |  923.4 |
        Bazaar |    298 |    298 |      0 |      0 |    142 |   2 |  149.0 |
        Bailey |   1245 |   1245 |      0 |    231 |    682 |   1 | 1245.0 |
      Ice Cave |    269 |    269 |      0 |    186 |      0 |   1 |  269.0 |
      Gauntlet |    306 |    306 |      0 |     58 |     31 |   1 |  306.0 |
         Arena |    161 |    161 |      0 |     26 |      0 |   7 |   23.0 |
               +--------+--------+--------+--------+--------+-----+--------+

Top non-repeatable levels by time:
Depths:3: 2324 daAuts
Vaults:1: 1957 daAuts
Shoals:4: 1942 daAuts
    D:12: 1928 daAuts
   Elf:3: 1925 daAuts
    D:13: 1860 daAuts
     D:8: 1837 daAuts
     D:5: 1834 daAuts
  Lair:6: 1748 daAuts
  Lair:2: 1715 daAuts
  Lair:1: 1704 daAuts
Vaults:4: 1693 daAuts
   Orc:2: 1675 daAuts
     D:9: 1661 daAuts
    D:10: 1562 daAuts
